 Dungeon Sprint DCSS version 0.17-a0-1651-gae1a69f (webtiles) character file.

2588 ztt the Unseen (level 9, -2/42 HPs)
             Began as a Spriggan Enchanter on Aug 14, 2015.
             Was a Priest of Vehumet.
             Slain by a lorocyproca (16 damage)
             ... in the Dungeon (Sprint I: "Red Sonja").
             The game lasted 00:05:36 (1251 turns).

ztt the Unseen (Spriggan Enchanter)                 Turns: 1251, Time: 00:05:36

Health: -2/42      AC:  3    Str:  4    XL:     9   Next: 32%
Magic:  1/26       EV: 25    Int: 20    God:    Vehumet [***...]
Gold:   479        SH:  0    Dex: 16    Spells: 6 memorised, 19 levels left

rFire  . . .     SeeInvis +     l - +0 dagger (venom)
rCold  . . .     Clarity  .     b - +1 robe
rNeg   . . .     SustAt   .     (shield restricted)
rPois  .         Gourm    .     (helmet restricted)
rElec  .         Spirit   .     (no cloak)
rCorr  .         Warding  .     (gloves unavailable)
rMut   .         NoTele   +     (boots unavailable)
MR     +....                    (no amulet)
Stlth  ++++++++..               (no ring)
                                (no ring)

@: very quick, somewhat resistant to hostile enchantments, extraordinarily
stealthy
A: unfitting armour, see invisible, herbivore 3, speed 3, slow metabolism 2
a: Renounce Religion


You were in the Dungeon.
You worshipped Vehumet.
Vehumet was most pleased with you.
You were not hungry.

You visited 1 branch You collected 540 gold pieces.
You spent 61 gold pieces at shops.

Inventory:

Hand weapons
 a - a +1 dagger
 l - a +0 dagger of venom (weapon)
Armour
 b - a +1 robe (worn)
Scrolls
 j - 2 scrolls of blinking
Potions
 e - a potion of curing
 f - a potion of heal wounds
 g - a potion of haste
 h - 2 potions of magic
 i - a potion of berserk rage
 k - a potion of agility {unknown}
Books
 c - a book of Maledictions

   Spells                             Type                      Level
   a - Corona                         Hexes                        1
   b - Ensorcelled Hibernation        Hexes/Ice                    2
   c - Confuse                        Hexes                        3
   d - Tukima's Dance                 Hexes                        3
   e - Dazzling Spray                 Conjuration/Hexes            3
Comestibles
 d - a bread ration


   Skills:
 + Level 2.1 Fighting
 + Level 3.9 Short Blades
 + Level 10.2 Dodging
 + Level 17.5 Stealth
 + Level 12.1 Spellcasting
 + Level 14.4 Hexes
 + Level 1.5 Ice Magic


You had 19 spell levels left.
You knew the following spells:

 Your Spells              Type           Power        Failure   Level  Hunger
a - Corona                Hex            ######.      0%          1    None
b - Ensorcelled Hibernat  Hex/Ice        #####.       1%          2    None
c - Confuse               Hex            ######..     1%          3    None
d - Tukima's Dance        Hex            ######..     1%          3    None
e - Dazzling Spray        Conj/Hex       #####...     1%          3    None
f - Shock                 Conj/Air       ##..         1%          1    None


Dungeon Overview and Level Annotations

Branches:
Dungeon (1/1)

Altars:
Cheibriados
Dithmenos
Elyvilon
Fedhas
Gozag
Kikubaaqudgha
Makhleb
Nemelex Xobeh
Okawaru
Qazlal
Ru
Sif Muna
Trog
Vehumet
Xom
Yredelemnul
Zin
The Shining One
Jiyva

Shops:
D (


Innate Abilities, Weirdness & Mutations

You are tiny and cannot use many weapons and most armour.
You have supernaturally acute eyesight.
You are a herbivore.
You cover ground extremely quickly.
You need consume almost no food.


Message History

The lorocyproca resists with almost no effort.
The lorocyproca misses you.
Casting: Confuse
Confirm with . or Enter, or press ? or * to list all spells.
Aiming: Confuse
Press: ? - help, Shift-Dir - straight line, f/p - lorocyproca
Aim: a lorocyproca (slightly transparent, chance to defeat MR: 1%)
The lorocyproca resists with almost no effort.
The lorocyproca hits you!
You feel your power leaking away.
You hit the lorocyproca but do no damage.
The lorocyproca completely misses you.
Unknown command.
Casting: Confuse
Confirm with . or Enter, or press ? or * to list all spells.
You don't have enough magic to cast that spell.
Unknown command.
Unknown command.
The lorocyproca hits you!
You die...

################################
.s+..#.s+..#__#.@)..†#..#§§§h§§h
..#.)'..#..'.s+.2#...##§#§####hh
####'#####'#__####...†.§#§# §
###..#...#(#### #####§§§.#
__####..##)# #'#### _..__##'#..+
#.h§..# _.∩...'..._# #.§.§.+
_..._##_.#+# ###...# _____###+#
...#


You could see a lorocyproca (invisible).

Vanquished Creatures
  A lindwurm (D)
  2 kobold demonologists (D)
  A slime creature (D)
  A yak (D)
  Sigmund (D)
  7 hogs (D)
  An ogre (D)
  A jelly (D)
  Ijyb (D)
  A giant eyeball (D)
17 creatures vanquished.

Vanquished Creatures (others)
  A gargoyle (D)
  3 hogs (D)
4 creatures vanquished.

Grand Total: 21 creatures vanquished

Notes
Turn   | Place    | Note
--------------------------------------------------------------
     0 | D        | ztt the Spriggan Enchanter began the quest for the Orb.
     0 | D        | Reached XP level 1. HP: 9/9 MP: 5/5
     1 | D        | Noticed Ijyb
    10 | D        | Killed Ijyb
    10 | D        | Reached skill level 7 in Stealth
    10 | D        | Reached skill level 5 in Hexes
    10 | D        | Reached XP level 2. HP: 13/13 MP: 5/7
    14 | D        | Learned a level 2 spell: Ensorcelled Hibernation
    32 | D        | Noticed an ogre
    35 | D        | Killed an ogre
    35 | D        | Reached skill level 5 in Dodging
    35 | D        | Reached skill level 9 in Stealth
    35 | D        | Reached XP level 3. HP: 16/16 MP: 8/10
    35 | D        | Reached XP level 4. HP: 21/21 MP: 8/11
    64 | D        | Learned a level 3 spell: Confuse
    72 | D        | Noticed Sigmund
    75 | D        | Killed Sigmund
    75 | D        | Reached skill level 11 in Stealth
    75 | D        | Reached XP level 5. HP: 25/25 MP: 11/14
    75 | D        | Reached XP level 6. HP: 29/29 MP: 12/16
    80 | D        | Learned a level 3 spell: Tukima's Dance
    84 | D        | Learned a level 3 spell: Dazzling Spray
   114 | D        | Found a deep blue altar of Sif Muna.
   115 | D        | Noticed a jelly
   116 | D        | Found a radiant altar of Vehumet.
   120 | D        | Killed a jelly
   120 | D        | Reached skill level 12 in Stealth
   135 | D        | Found Tisa's Weapon Emporium.
   135 | D        | Found a white marble altar of Elyvilon.
   135 | D        | Found a stormy altar of Qazlal.
   135 | D        | Found a basalt altar of Yredelemnul.
   135 | D        | Found an iron altar of Okawaru.
   135 | D        | Found a sparkling altar of Nemelex Xobeh.
   135 | D        | Found a shimmering altar of Xom.
   135 | D        | Found an ancient bone altar of Kikubaaqudgha.
   135 | D        | Noticed a yak
   140 | D        | Found a burning altar of Makhleb.
   140 | D        | Found a sacrificial altar of Ru.
   140 | D        | Found a glowing golden altar of the Shining One.
   140 | D        | Found an opulent altar of Gozag.
   140 | D        | Found a glowing silver altar of Zin.
   146 | D        | Killed a yak
   146 | D        | Reached skill level 1 in Fighting
   146 | D        | Reached skill level 13 in Stealth
   158 | D        | Found a bloodstained altar of Trog.
   162 | D        | Bought a +0 dagger of venom for 61 gold pieces
   168 | D        | Became a worshipper of Vehumet
   174 | D        | Found a viscous altar of Jiyva.
   174 | D        | Found a blossoming altar of Fedhas.
   174 | D        | Noticed a slime creature
   175 | D        | Found a snail-covered altar of Cheibriados.
   175 | D        | Found a shadowy altar of Dithmenos.
   429 | D        | Killed a slime creature
   429 | D        | Reached skill level 14 in Stealth
   429 | D        | Reached XP level 7. HP: 31/33 MP: 5/19
   538 | D        | Noticed a kobold demonologist
   538 | D        | Paralysed by a giant eyeball for 4 turns
   539 | D        | Noticed a kobold demonologist
   545 | D        | Killed a kobold demonologist
   545 | D        | Reached skill level 15 in Stealth
   547 | D        | Killed a kobold demonologist
   547 | D        | Acquired Vehumet's first power
   547 | D        | Offered knowledge of Shock by Vehumet.
   547 | D        | Reached skill level 16 in Stealth
   547 | D        | Reached XP level 8. HP: 31/37 MP: 13/22
   549 | D        | Paralysed by a giant eyeball for 2 turns
   557 | D        | Paralysed by a giant eyeball for 2 turns
   564 | D        | Learned a level 1 spell: Shock
   604 | D        | Noticed a demonic crawler
   604 | D        | Noticed a demonic crawler
   604 | D        | Noticed a demonic crawler
   604 | D        | Noticed a demonic crawler
   990 | D        | Noticed a gargoyle
  1001 | D        | Noticed a lindwurm
  1003 | D        | Killed a lindwurm
  1003 | D        | Reached skill level 10 in Spellcasting
  1011 | D        | Noticed a hog
  1011 | D        | Noticed a hog
  1011 | D        | Noticed a hog
  1011 | D        | Noticed a hog
  1011 | D        | Noticed a hog
  1030 | D        | Killed a hog
  1037 | D        | Killed a hog
  1037 | D        | Offered knowledge of Flame Tongue by Vehumet.
  1042 | D        | Killed a hog
  1042 | D        | Reached skill level 17 in Stealth
  1042 | D        | Reached XP level 9. HP: 35/42 MP: 14/25
  1044 | D        | Killed a hog
  1044 | D        | Reached skill level 1 in Ice Magic
  1047 | D        | Killed a hog
  1047 | D        | Acquired Vehumet's second power
  1047 | D        | Reached skill level 10 in Dodging
  1053 | D        | Noticed a hog
  1119 | D        | Noticed a hog
  1120 | D        | Noticed a hog
  1123 | D        | Noticed a hog
  1125 | D        | Killed a hog
  1139 | D        | Killed a hog
  1149 | D        | Killed a hog
  1158 | D        | Killed a hog
  1215 | D        | Killed a gargoyle
  1232 | D        | Noticed a hog
  1235 | D        | Noticed a lorocyproca
  1236 | D        | Killed a hog
  1236 | D        | Offered knowledge of Mephitic Cloud by Vehumet.
  1251 | D        | Slain by a lorocyproca

Vault maps used:
D:        dungeon_sprint_1

Action                   |  1- 3 |  4- 6 |  7- 9 || total
-------------------------+-------+-------+-------++-------
Melee: Dagger            |     8 |    20 |    26 ||    54
 Cast: Confuse           |       |     7 |    20 ||    27
       Ensorcelled Hiber |       |       |    10 ||    10
  Use: Scroll            |       |       |     1 ||     1
 Stab: Sleeping          |     2 |     3 |     6 ||    11
       Confused          |       |     4 |     4 ||     8
